 Dungeon Crawl Stone Soup version 0.28.0-53-g5a82cb258f (webtiles) character file.

Game seed: 15854044646292720987

215 safid the Chopper (level 5, -2/46 HPs)
             Began as a Hill Orc Fighter on Aug 22, 2022.
             Slain by a gnoll
             ... wielding a +0 halberd
              (9 damage)
             ... on level 4 of the Dungeon.
             The game lasted 00:03:44 (2688 turns).

safid the Chopper (Hill Orc Fighter)                Turns: 2688, Time: 00:03:45

Health: -2/46      AC:  9    Str: 21    XL:     5   Next: 92%
Magic:  5/5        EV:  7    Int:  8    God:
Gold:   142        SH:  4    Dex: 10    Spells: 4/4 levels left

rFire   . . .      SeeInvis .   a - +0 war axe
rCold   . . .      Faith    .   c - +0 buckler
rNeg    . . .      Spirit   .   m - +0 chain mail
rPois   .          Reflect  .   (no helmet)
rElec   .          Harm     .   (no cloak)
rCorr   .          Rampage  .   (no gloves)
Will    .....                   (no boots)
Stlth   ..........              (no amulet)
HPRegen 0.15/turn               (no ring)
MPRegen 0.09/turn               (no ring)

@: mighty
A: no striking features
a: no special abilities


You were on level 4 of the Dungeon.
You visited 1 branch of the dungeon, and saw 4 of its levels.

You collected 142 gold pieces.

Inventory:

Hand Weapons
 a - a +0 war axe (weapon)
Armour
 b - a +0 scale mail
 c - a +0 buckler (worn)
 m - a +0 chain mail (worn)
Scrolls
 e - a scroll of immolation {unknown}
 g - 2 scrolls of identify {unknown}
 h - a scroll of magic mapping {unknown}
 l - a scroll of brand weapon {unknown}
 n - a scroll of fear {unknown}
 o - a scroll of silence {unknown}
Potions
 f - a potion of heal wounds {unknown}
 i - 2 potions of magic {unknown}
 j - a potion of invisibility {unknown}
 k - a potion of degeneration {unknown}


   Skills:
 - Level 4.0 Fighting
 + Level 6.6 Axes
 - Level 4.0 Armour
 - Level 4.0 Shields


You had 4 spell levels left.
You didn't know any spells.
Your spell library contained the following spells:

 Spells                   Type           Power      Damage    Failure   Level
 Gell's Gravitas          Tloc           0%         N/A       100%        3
 Lesser Beckoning         Tloc           0%         N/A       100%        3
 Teleport Other           Tloc           0%         N/A       100%        3


Dungeon Overview and Level Annotations

Branches:
Dungeon (4/15)
 Temple: D:4-7

Altars:
Makhleb

Shops:
D:3 [

Portals:
Sewer: D:4


Message History

You barely miss the ball python. The ball python bites you.
You block the ball python's attack.
You slice the ball python!!
You kill the ball python!
A gnoll comes into view. It is wielding a +0 club.
You closely miss the giant cockroach. You block the giant cockroach's attack.
The giant cockroach bites you but does no damage.
A gnoll comes into view.
It is wielding a +2 whip of electrocution.
The gnoll shouts!
You slash the giant cockroach!
You kill the giant cockroach!
You block the ball python's attack. The ball python closely misses you.
You closely miss the ball python.
A gnoll comes into view. It is wielding a +0 whip.
You block the ball python's attack. The ball python grabs you.
The ball python constricts you.
The gnoll splashes around in the water.
You barely miss the ball python.
The gnoll shouts!
The ball python completely misses you. The ball python constricts you.
The gnoll barely misses you.
You closely miss the ball python.
The ball python bites you but does no damage.
The ball python constricts you.
The gnoll hits you from afar with a +0 halberd!
The ball python bites you but does no damage.
The ball python constricts you.
You slash the ball python!
You kill the ball python!
The gnoll splashes around in the water.
An adder skeleton comes into view.
The gnoll hits you with a +0 halberd.
Things that are here:
a ball python corpse; a giant cockroach corpse You slash the gnoll!
The gnoll is almost dead.
The gnoll hits you with a +0 halberd!
* * * LOW HITPOINT WARNING * * *
You barely miss the gnoll.
The gnoll hits you from afar with a +0 halberd!
You die...

#......#.#.# #.#.#.
#......# #.#
#.#...# ######.#
#≈.... #.# #≈≈≈..
#.#
#≈≈≈≈r.#######.# #
#≈≈≈gg.........#.#
#∩≈≈wg#####......#
#@.......>..#
........####......#
........#
#)..#.....
.......Z#
#.###......
.$......# #.#
...... ###+###.#
#.# #+#... ... #.#
... #.# #.# ...


You could see a worm, 3 gnolls, a river rat and an adder skeleton.

Vanquished Creatures
  Blork the orc (D:4)
  An orc priest (D:3)
  An iguana (D:3)
  2 adders
  A gnoll (D:1)
  A dart slug (D:2)
  4 orcs
  3 endoplasms (D:1)
  3 giant cockroaches
  2 goblins (D:2)
  6 hobgoblins
  A quokka (D:3)
  7 ball pythons
  11 bats
  3 frilled lizards (D:2)
  10 kobolds
  6 rats
63 creatures vanquished.

Notes
Turn   | Place    | Note
-------+----------+-------------------------------------------
     0 | D:1      | safid the Hill Orc Fighter began the quest for the Orb.
     0 | D:1      | Reached XP level 1. HP: 19/19 MP: 1/1
   192 | D:1      | Reached skill level 3 in Axes
   192 | D:1      | Reached XP level 2. HP: 23/27 MP: 2/2
   417 | D:1      | Reached XP level 3. HP: 25/33 MP: 3/3
   642 | D:1      | Found a faded altar of an unknown god.
  1323 | D:2      | Reached XP level 4. HP: 40/40 MP: 4/4
  1505 | D:3      | Found Fenlomie's Antique Armour Boutique.
  1889 | D:3      | Reached skill level 4 in Axes
  2093 | D:3      | Found a burning altar of Makhleb.
  2296 | D:3      | Reached skill level 5 in Axes
  2296 | D:3      | Reached XP level 5. HP: 46/46 MP: 5/5
  2650 | D:4      | Noticed Blork the orc
  2660 | D:4      | Killed Blork the orc
  2661 | D:4      | Reached skill level 6 in Axes
  2675 | D:4      | Found a glowing drain.
  2688 | D:4      | Slain by a gnoll

Illustrated notes

Levels and vault maps discovered:
D:1:      amcnicky_arrival_flooded_fountain, layout_rooms,
          dreamdust_ecumenical_altar_angels_and_demons
D:2:      layout_basic, grunt_decor_mini_mirrors
D:3:      layout_loops_ring, mainiacjoe_overflow_alcove_4, serial_shops,
          nicolae_shop_trees, grunt_decor_one_mirror, kennysheep_donut
D:4:      layout_basic, portal_sewer_entry_b, uniq_blork_the_orc, uniq_ijyb,
          uniq_grinder, uniq_sigmund

Skill      XL: |  1  2  3  4  5 |
---------------+----------------+-----
Axes           | 3 5 6 |  6.6
Fighting       | 4 |  4.0
Shields        | 4 |  4.0
Armour         | 4 |  4.0

Action                   |  1- 3 |  4- 6 || total
-------------------------+-------+-------++-------
Melee: War axe           |   114 |    68 ||   182
  Use: Potion            |       |     1 ||     1
Armor: Scale mail        |    76 |     1 ||    77
       Chain mail        |       |    33 ||    33
Dodge: Dodged            |    65 |    24 ||    89
Block: Buckler           |    21 |    20 ||    41
